Map: Disco Bloodbath LE

Players

DPGPartinG (PartinG) - Winner!

  • Race: Protoss Protoss
  • League: Master
  • Spawn Location: 3:00

ShoWTimE

  • Race: Protoss Protoss
  • League: Grandmaster
  • Spawn Location: 9:00

Event: HomeStory Cup XX

VOD

Have the link to the VOD?

Description

Time

  • Played on: Nov. 23, 2019, 6:07 a.m.
  • Length: 4:50

All games in this series

Show
View Real Time Build Order
Export as new Build Order

DPGPartinG Protoss - Winner!

Build Orders: Oracle Opening, Phoenix Opening 

Get SALT Encoding   

  12  0:00  Probe  
  13  0:12  Probe  
  14  0:17  Pylon  
  14  0:24  Probe  
  15  0:32  Probe  
  15  0:37  Gateway  
  15  0:40  Probe  
  16  0:46  Assimilator  
  17  0:51  Probe  
  17  0:54  Assimilator  
  18  0:59  Probe  
  19  1:07  Probe, Gateway  
  19  1:17  Probe  
  20  1:24  Cybernetics Core  
  21  1:29  Probe  
  22  1:35  Pylon  
  22  1:41  Probe  
  24  1:54  Probe  
  24  2:00  Stargate  
  24  2:01  Stalker  
  24  2:04  Warp Gate  
  26  2:13  Stalker  
  28  2:19  Pylon  
  28  2:33  Oracle  
  30  2:55  Nexus  
  30  3:00  Oracle  
  30  3:02  Probe  
  34  3:15  Shield Battery  
  34  3:25  Shield Battery  
  34  3:30  Shield Battery  
  34  3:32  Probe  
  34  3:41  Phoenix  
  35  3:52  Stalker  
  37  4:00  Stalker  
  31  4:14  Probe  
  31  4:16  Probe  
  31  4:22  Probe  
  29  4:25  Probe  
  31  4:31  Probe  
  31  4:35  Probe  
Show
View Real Time Build Order
Export as new Build Order

ShoWTimE Protoss 

Build Orders: Oracle Opening, Phoenix Opening 

Get SALT Encoding   

  12  0:00  Probe  
  13  0:12  Probe  
  14  0:17  Pylon  
  14  0:24  Probe  
  15  0:32  Probe  
  15  0:36  Gateway  
  15  0:40  Probe  
  16  0:45  Assimilator  
  17  0:51  Probe  
  17  0:54  Assimilator  
  18  0:59  Probe  
  19  1:07  Probe  
  19  1:09  Gateway  
  19  1:17  Probe  
  20  1:24  Cybernetics Core  
  21  1:29  Probe  
  22  1:34  Pylon  
  22  1:41  Probe  
  23  1:53  Probe  
  24  2:01  Stargate  
  24  2:04  Warp Gate  
  24  2:07  Adept  
  26  2:10  Adept  
  28  2:20  Pylon  
  28  2:22  Shield Battery  
  28  2:25  Probe  
  29  2:34  Oracle  
  29  2:37  Probe  
  30  2:46  Adept  
  35  2:53  Adept  
  35  2:54  Shield Battery  
  37  3:07  Probe  
  37  3:10  Pylon  
  38  3:13  Phoenix  
  38  3:24  Probe  
  35  3:36  Probe  
  33  3:44  Phoenix  
  33  3:48  Probe  
  30  4:00  Probe  
  25  4:09  Probe  
  22  4:17  Probe  
  20  4:26  Probe  
Tags
 
Add a new tag
Caveats
  • Supply blocks, unpowered buildings, or Contaminate may cause inaccurate times.
  • Supply counts are checked every 10 seconds.